Devils vs Kings

Created - Sunday, March 13, 2016 at 04:12

Goals
1 2 3 T
Devils 1 0 0 1
Kings 0 1 1 2
Shots
1 2 3 T
Devils 9 9 8 26
Kings 4 12 6 22

1st period

1. Devils , Paul Stastny 41 (Drew Stafford, Tyler Johnson) at 4:38 (PP)

Penalties :
Adam McQuaid (LA ) for High sticking (Minor) at 4:07, Eric Brewer (LA ) for Slashing (Minor) at 4:45, David Clarkson (LA ) for Hooking (Minor) at 9:47, Jori Lehtera (LA ) for Roughing (Minor) at 13:36, Scottie Upshall (NJD) for Roughing (Minor) at 15:35, Adam McQuaid (LA ) for Fighting (Major) at 19:00, Scooter Vaughan (NJD) for Fighting (Major) at 19:00, Adam McQuaid (LA ) for instigated a fight (Minor) at 19:00, Adam McQuaid (LA ) for instigated a fight (10 Minutes Misconduct) at 19:00

2nd period

2. Kings , Milan Lucic 25 (Duncan Keith, Mika Zibanejad) at 0:44 (SH)

Penalties :
No Penalty

3rd period

3. Kings , Duncan Keith 25 (Milan Lucic) at 18:32 (PP)

Penalties :
Tyler Johnson (NJD) for Tripping (Minor) at 0:35, Eric Brewer (LA ) for Tripping (Minor) at 8:40, Radko Gudas (NJD) for Hooking (Minor) at 14:27, Chris Wideman (NJD) for Hooking (Minor) at 17:13

Goalie Stats

Devan Dubnyk (NJD), 20 saves from 22 shots - (0.909), L, 31-25-4, 59:50 minutes
Sergei Bobrovsky (LA ), 25 saves from 26 shots - (0.962), W, 34-20-4, 60:00 minutes

Players Stats for Devils

Player Name              G  A  P  +/- PIM S  H  SB GA TA FO     MP     PP MP  PK MP  
------------------------------------------------------------------------------------
Ales Hemsky              0  0  0  -1  0   4  0  0  1  0  0/0    20:11   6:00   2:03 
Andrew Miller            0  0  0   0  0   1  1  0  1  0  3/10   12:01   0:00   0:00 
Brad Hunt                0  0  0  -1  0   1  2  5  0  2  0/0    22:37   6:15   3:24 
Brendan Shinnimin        0  0  0   0  0   0  0  0  0  0  3/4     6:27   0:00   0:38 
Chris Porter             0  0  0   0  0   1  1  0  1  1  0/2    10:00   0:00   2:48 
Chris Wideman            0  0  0   0  2   0  2  0  0  0  0/0    25:22   4:26   3:19 
David Warsofsky          0  0  0   0  0   0  0  0  0  0  0/0     0:00   0:00   0:00 
Drew Stafford            0  1  1  -1  0   6  2  0  4  0  1/4    18:19   5:58   0:00 
Jason Akeson             0  0  0   0  0   1  0  0  3  1  0/1    12:45   0:44   0:00 
Matt Cullen              0  0  0   0  0   0  1  1  2  0  4/14   20:09   4:28   4:30 
Matt Greene              0  0  0   0  0   2  5  2  0  2  0/0    19:02   0:00   2:56 
Matt Irwin               0  0  0   0  0   2  0  1  0  1  0/0    14:40   0:06   1:36 
Paul Stastny             1  0  1  -1  0   4  1  0  2  1  12/19  17:49   5:58   0:00 
Radko Gudas              0  0  0   0  2   0  3  0  1  1  0/0    15:18   0:00   2:21 
Scooter Vaughan          0  0  0   0  5   1  1  1  0  1  0/0    17:20   4:05   0:56 
Scottie Upshall          0  0  0   0  2   2  2  1  2  0  0/0    20:23   4:27   3:27 
Tyler Johnson            0  1  1  -1  2   0  1  2  2  0  0/0    22:46   5:14   1:06 
Zach Boychuk             0  0  0   0  0   1  2  0  0  0  0/1    17:25   4:28   0:00 

Players Stats for Kings

Player Name              G  A  P  +/- PIM S  H  SB GA TA FO     MP     PP MP  PK MP  
------------------------------------------------------------------------------------
Adam McQuaid             0  0  0   0  19  0  0  0  0  0  0/0     8:22   0:00   1:02 
Andrew Campbell          0  0  0   0  0   0  0  0  1  1  0/0    10:22   0:00   0:00 
Brandon McMillan         0  0  0   0  0   0  0  0  0  0  0/0     0:00   0:00   0:00 
Brenden Morrow           0  0  0   0  0   0  1  0  0  1  1/1    10:44   0:00   0:00 
Cam Fowler               0  0  0   0  0   1  0  4  0  4  0/0    24:27   3:54   6:10 
Carl Soderberg           0  0  0   0  0   0  1  0  2  2  0/2    15:05   4:19   0:00 
David Clarkson           0  0  0   0  2   0  1  0  0  0  0/0     8:13   0:00   0:00 
Duncan Keith             1  1  2   1  0   5  0  2  2  2  0/0    28:47   3:22   6:03 
Eric Brewer              0  0  0   1  4   4  1  1  0  0  0/0    26:06   3:22   3:14 
Evgeny Kuznetsov         0  0  0   0  0   0  0  1  0  0  4/4     6:30   0:00   0:00 
Jori Lehtera             0  0  0   0  2   0  1  0  3  0  2/5    12:19   0:41   0:00 
Martin Erat              0  0  0   0  0   2  0  0  2  1  0/1    13:01   0:00   0:00 
Mika Zibanejad           0  1  1   1  0   2  1  0  3  3  8/12   21:18   2:39   7:24 
Milan Lucic              1  1  2   1  0   2  3  1  0  0  0/0    21:47   4:19   7:24 
Nick Bjugstad            0  0  0   0  0   5  4  0  2  0  10/14  19:28   2:57   3:02 
Seth Jones               0  0  0   0  0   0  2  2  0  1  0/0    22:37   3:54   4:23 
Shawn Horcoff            0  0  0   0  0   0  0  0  0  0  1/1    19:28   2:57   3:02 
Tyler Seguin             0  0  0   0  0   1  1  0  3  0  6/15   20:49   3:56   0:00 

3 Stars

1 - Milan Lucic (LA )
2 - Duncan Keith (LA )
3 - Sergei Bobrovsky (LA )

Power Play

Devils - 1 on 6 Attempt(s) - 16.67%
Kings - 1 on 4 Attempt(s) - 25.00%

Penalty Kill

Devils - 3 on 4 Attempt(s) - 75.00% - Score 0 goal in Penalty Kill
Kings - 5 on 6 Attempt(s) - 83.33% - Score 1 goal in Penalty Kill

Team Stat

Devils - Hits : 24 - Faceoff Wins : 23 - Blocked Shots : 13 - Penalty Minutes : 13
Kings - Hits : 16 - Faceoff Wins : 32 - Blocked Shots : 11 - Penalty Minutes : 27

Official

Referees : Unknown
Linesman : Unknown

Game Notes

Scooter Vaughan beats up Adam McQuaid at 19:00 of 1st period
Evgeny Kuznetsov is injured at 3:42 of 3rd period (Herniated Disc)

Finance

Level 1 -- Attendance: 5910 (98.50%) -- Ticket Income $502,350
Level 2 -- Attendance: 4626 (92.52%) -- Ticket Income $240,552
Level 3 -- Attendance: 2000 (100.00%) -- Ticket Income $62,000
Level 4 -- Attendance: 3499 (87.48%) -- Ticket Income $59,483
Luxury Box -- Attendance: 1000 (100.00%) -- Ticket Income $175,000
Game was played at the Staples Center.
Total Attendance: 17035 (94.64%)
Total Ticket Income: $1,039,385
Other Income: $509,299
Total Income: $1,548,684

Devils

5 vs 5 Forward 
   Center                   Left Wing                Right Wing               Time % Phy DF OF 
 1 Paul Stastny             Tyler Johnson            Drew Stafford            38     0   0  5  
 2 Matt Cullen              Scottie Upshall          Ales Hemsky              30     1   2  2  
 3 Andrew Miller            Zach Boychuk             Jason Akeson             22     1   2  2  
 4 Brendan Shinnimin        Chris Porter             Tyler Johnson            10     1   2  2  

5 vs 5 Defense 
   Defense                  Defense                                           Time % Phy DF OF 
 1 Matt Greene              Chris Wideman                                     35     1   2  2  
 2 Matt Irwin               Radko Gudas                                       34     1   2  2  
 3 Brad Hunt                Scooter Vaughan                                   30     1   2  2  
 4 Chris Wideman            David Warsofsky                                   1      1   2  2  

PowerPlay Forward 
   Center                   Left Wing                Right Wing               Time % Phy DF OF 
 1 Paul Stastny             Tyler Johnson            Drew Stafford            60     0   0  5  
 2 Matt Cullen              Zach Boychuk             Scottie Upshall          40     0   0  5  

PowerPlay Defense
   Defense                  Defense                                           Time % Phy DF OF 
 1 Ales Hemsky              Brad Hunt                                         60     0   0  5  
 2 Chris Wideman            Scooter Vaughan                                   40     0   0  5  

Penalty Kill 4 Players Forward 
   Center                   Wing                     Time % Phy DF OF 
 1 Matt Cullen              Scottie Upshall          60     0   5  0  
 2 Brendan Shinnimin        Ales Hemsky              40     0   5  0  

Penalty Kill 4 Players Defense
   Defense                  Defense                  Time % Phy DF OF 
 1 Radko Gudas              Brad Hunt                60     0   5  0  
 2 Chris Wideman            Matt Greene              40     0   5  0  

Penalty Kill - 3 Players Forward 
   Forward                                           Time % Phy DF OF 
 1 Matt Cullen                                       60     0   5  0  
 2 Brendan Shinnimin                                 40     0   5  0  

Penalty Kill - 3 Players Defense
   Defense                  Defense                  Time % Phy DF OF 
 1 Radko Gudas              Brad Hunt                60     0   5  0  
 2 Chris Wideman            Scooter Vaughan          40     0   5  0  

4 vs 4 Forward 
   Center                   Wing                     Time % Phy DF OF 
 1 Paul Stastny             Tyler Johnson            60     0   0  5  
 2 Brendan Shinnimin        Matt Cullen              40     1   3  1  

4 vs 4 Defense
   Defense                  Defense                  Time % Phy DF OF 
 1 Chris Wideman            Brad Hunt                60     0   0  5  
 2 Radko Gudas              Scooter Vaughan          40     1   3  1  

Last Minutes Offensive
   Center                   Left Wing                Right Wing               Defense                  Defense                  
   Paul Stastny             Tyler Johnson            Drew Stafford            Matt Greene              Chris Wideman            

Last Minutes Defensive
   Center                   Left Wing                Right Wing               Defense                  Defense                  
   Paul Stastny             Matt Cullen              Scottie Upshall          Radko Gudas              Matt Greene              

Goaltenders
Starting : Devan Dubnyk             
Backup : Thomas Greiss            

Extra Forwards
Normal : Tyler Johnson, Scottie Upshall, Zach Boychuk - PP : Zach Boychuk, Jason Akeson - PK : Ales Hemsky
Extra Defensemen
Normal : Chris Wideman, Scooter Vaughan, Brad Hunt - PP : Brad Hunt - PK : Chris Wideman, Scooter Vaughan
Penalty Shots
Matt Cullen, Drew Stafford, Ales Hemsky, Tyler Johnson, Andrew Miller

Kings

5 vs 5 Forward 
   Center                   Left Wing                Right Wing               Time % Phy DF OF 
 1 Tyler Seguin             Mika Zibanejad           Carl Soderberg           35     1   2  2  
 2 Nick Bjugstad            Shawn Horcoff            Martin Erat              30     1   2  2  
 3 Jori Lehtera             Milan Lucic              Brenden Morrow           22     1   2  2  
 4 Evgeny Kuznetsov         Tyler Seguin             David Clarkson           13     1   2  2  

5 vs 5 Defense 
   Defense                  Defense                                           Time % Phy DF OF 
 1 Duncan Keith             Eric Brewer                                       35     1   2  2  
 2 Cam Fowler               Seth Jones                                        30     1   2  2  
 3 Eric Brewer              Andrew Campbell                                   22     1   2  2  
 4 Adam McQuaid             Duncan Keith                                      13     1   2  2  

PowerPlay Forward 
   Center                   Left Wing                Right Wing               Time % Phy DF OF 
 1 Tyler Seguin             Milan Lucic              Carl Soderberg           60     1   2  2  
 2 Nick Bjugstad            Shawn Horcoff            Mika Zibanejad           40     1   2  2  

PowerPlay Defense
   Defense                  Defense                                           Time % Phy DF OF 
 1 Duncan Keith             Eric Brewer                                       60     1   2  2  
 2 Cam Fowler               Seth Jones                                        40     1   2  2  

Penalty Kill 4 Players Forward 
   Center                   Wing                     Time % Phy DF OF 
 1 Mika Zibanejad           Milan Lucic              60     1   2  2  
 2 Nick Bjugstad            Shawn Horcoff            40     1   2  2  

Penalty Kill 4 Players Defense
   Defense                  Defense                  Time % Phy DF OF 
 1 Duncan Keith             Eric Brewer              60     1   2  2  
 2 Cam Fowler               Seth Jones               40     1   2  2  

Penalty Kill - 3 Players Forward 
   Forward                                           Time % Phy DF OF 
 1 Nick Bjugstad                                     60     1   2  2  
 2 Mika Zibanejad                                    40     1   2  2  

Penalty Kill - 3 Players Defense
   Defense                  Defense                  Time % Phy DF OF 
 1 Duncan Keith             Eric Brewer              60     1   2  2  
 2 Cam Fowler               Seth Jones               40     1   2  2  

4 vs 4 Forward 
   Center                   Wing                     Time % Phy DF OF 
 1 Milan Lucic              Mika Zibanejad           60     1   2  2  
 2 Nick Bjugstad            Shawn Horcoff            40     1   2  2  

4 vs 4 Defense
   Defense                  Defense                  Time % Phy DF OF 
 1 Duncan Keith             Eric Brewer              60     1   2  2  
 2 Cam Fowler               Seth Jones               40     1   2  2  

Last Minutes Offensive
   Center                   Left Wing                Right Wing               Defense                  Defense                  
   Tyler Seguin             Mika Zibanejad           Carl Soderberg           Duncan Keith             Cam Fowler               

Last Minutes Defensive
   Center                   Left Wing                Right Wing               Defense                  Defense                  
   Tyler Seguin             Mika Zibanejad           Carl Soderberg           Duncan Keith             Cam Fowler               

Goaltenders
Starting : Sergei Bobrovsky         
Backup : Antti Raanta             

Extra Forwards
Normal : Milan Lucic, Jori Lehtera, Brenden Morrow - PP : Milan Lucic, Jori Lehtera - PK : Brenden Morrow
Extra Defensemen
Normal : Eric Brewer, Cam Fowler, Duncan Keith - PP : Eric Brewer - PK : Cam Fowler, Duncan Keith
Penalty Shots
Carl Soderberg, Mika Zibanejad, Nick Bjugstad, Shawn Horcoff, Milan Lucic

% Time on Ice - Devils

Lines # - Real PCT - Wanted PCT - Time Play
Normal Forward
1 - 31% - 38% - 12:49
2 - 28% - 30% - 11:46
3 - 29% - 22% - 12:02
4 - 13% - 10% - 5:14
Normal Defense
1 - 35% - 35% - 14:49
2 - 35% - 34% - 14:51
3 - 29% - 30% - 12:11
4 - 0% - 1% - 0:00
PP Forward
1 - 57% - 60% - 5:58
2 - 43% - 40% - 4:28
PP Defense
1 - 58% - 60% - 6:00
2 - 42% - 40% - 4:26
PK Forward
1 - 91% - 60% - 6:38
2 - 9% - 40% - 0:38
PK Defense
1 - 60% - 60% - 4:20
2 - 40% - 40% - 2:56
PK3 Forward
1 - 0% - 60%
2 - 0% - 40%
PK3 Defense
1 - 0% - 60%
2 - 0% - 40%
44 Forward
1 - 0% - 60%
2 - 0% - 40%
44 Defense
1 - 0% - 60%
2 - 0% - 40%
Last Minute Offensive  - 0:27
Last Minute Defensive  - 0:00
Total
Forward - 60:00
Defense - 60:00

% Time on Ice - Kings

Lines # - Real PCT - Wanted PCT - Time Play
Normal Forward
1 - 24% - 35% - 10:12
2 - 32% - 30% - 13:29
3 - 23% - 22% - 9:45
4 - 20% - 13% - 8:13
Normal Defense
1 - 19% - 35% - 7:53
2 - 30% - 30% - 12:34
3 - 25% - 22% - 10:22
4 - 26% - 13% - 10:50
PP Forward
1 - 59% - 60% - 4:19
2 - 41% - 40% - 2:57
PP Defense
1 - 46% - 60% - 3:22
2 - 54% - 40% - 3:54
PK Forward
1 - 71% - 60% - 7:24
2 - 29% - 40% - 3:02
PK Defense
1 - 58% - 60% - 6:03
2 - 42% - 40% - 4:23
PK3 Forward
1 - 0% - 60%
2 - 0% - 40%
PK3 Defense
1 - 0% - 60%
2 - 0% - 40%
44 Forward
1 - 0% - 60%
2 - 0% - 40%
44 Defense
1 - 0% - 60%
2 - 0% - 40%
Last Minute Offensive  - 0:00
Last Minute Defensive  - 0:39
Total
Forward - 60:00
Defense - 60:00

Play by Play

1st period


0:01 of 1st period - Paul Stastny wins face-off versus Tyler Seguin in neutral zone.
0:06 of 1st period - Snap shot by Paul Stastny.
0:06 of 1st period - Deflect By Tyler Johnson.
0:06 of 1st period - Shot Misses the Net.
0:06 of 1st period - Puck is out of play.
0:07 of 1st period - Tyler Seguin wins face-off versus Paul Stastny in Kings zone.
0:18 of 1st period - Backhand shot by Paul Stastny.
0:18 of 1st period - Shot Misses the Net.
0:20 of 1st period - Snap shot by Drew Stafford.
0:20 of 1st period - Deflect By Tyler Johnson.
0:20 of 1st period - Shot Misses the Net.
0:20 of 1st period - Puck is out of play.
0:21 of 1st period - Nick Bjugstad wins face-off versus Matt Cullen in Kings zone.
1:14 of 1st period - Matt Irwin is hit by Milan Lucic and loses puck.
1:21 of 1st period - Wrist shot by Jason Akeson.
1:21 of 1st period - Stopped by Sergei Bobrovsky without a rebound.
1:22 of 1st period - Brenden Morrow wins face-off versus Andrew Miller in Kings zone.
1:22 of 1st period - Brenden Morrow is hit by Brad Hunt.
2:37 of 1st period - Slapshot by Matt Greene.
2:37 of 1st period - Stopped by Sergei Bobrovsky with a rebound.
2:39 of 1st period - Slapshot by Matt Greene.
2:39 of 1st period - Stopped by Sergei Bobrovsky without a rebound.
2:40 of 1st period - Nick Bjugstad wins face-off versus Paul Stastny in Kings zone.
2:40 of 1st period - Nick Bjugstad is hit by Matt Greene.
2:46 of 1st period - Wrist shot by Martin Erat.
2:46 of 1st period - Shot Misses the Net.
2:56 of 1st period - Slapshot by Tyler Johnson.
2:56 of 1st period - Shot Blocked by Eric Brewer.
2:58 of 1st period - Snap shot by Paul Stastny.
2:58 of 1st period - Shot Blocked by Duncan Keith.
3:00 of 1st period - Wrist shot by Paul Stastny.
3:00 of 1st period - Stopped by Sergei Bobrovsky with a rebound.
3:40 of 1st period - David Clarkson is hit by Chris Wideman and loses puck.
3:59 of 1st period - Matt Cullen is hit by Milan Lucic and loses puck.
4:07 of 1st period - Minor Penalty to Adam McQuaid for High sticking.
4:08 of 1st period - Paul Stastny wins face-off versus Mika Zibanejad in Kings zone.
4:38 of 1st period - Snap shot by Paul Stastny.
4:38 of 1st period - Goal by Paul Stastny - Devils : 1 - Kings : 0.
4:39 of 1st period - Andrew Miller wins face-off versus Nick Bjugstad in neutral zone.
4:45 of 1st period - Minor Penalty to Eric Brewer for Slashing.
4:46 of 1st period - Paul Stastny wins face-off versus Mika Zibanejad in Kings zone.
5:06 of 1st period - Snap shot by Drew Stafford.
5:06 of 1st period - Stopped by Sergei Bobrovsky without a rebound.
5:07 of 1st period - Mika Zibanejad wins face-off versus Matt Cullen in Kings zone.
5:12 of 1st period - Slapshot by Duncan Keith.
5:12 of 1st period - Shot Blocked by Scottie Upshall.
6:45 of 1st period - Penalty to Eric Brewer is over, Eric Brewer is back on ice.
6:55 of 1st period - Andrew Campbell is hit by Zach Boychuk and loses puck.
8:04 of 1st period - Wrist shot by Scottie Upshall.
8:04 of 1st period - Stopped by Sergei Bobrovsky without a rebound.
8:05 of 1st period - Jori Lehtera wins face-off versus Matt Cullen in Kings zone.
8:24 of 1st period - Slapshot by Cam Fowler.
8:24 of 1st period - Shot Blocked by Scooter Vaughan.
8:26 of 1st period - Backhand shot by Cam Fowler.
8:26 of 1st period - Deflect By Scottie Upshall.
8:26 of 1st period - Stopped by Devan Dubnyk with a rebound.
8:38 of 1st period - Mika Zibanejad is hit by Scooter Vaughan and loses puck.
8:49 of 1st period - Slapshot by Seth Jones.
8:49 of 1st period - Shot Misses the Net.
8:51 of 1st period - Snap shot by Mika Zibanejad.
8:51 of 1st period - Shot Misses the Net.
8:53 of 1st period - Slapshot by Duncan Keith.
8:53 of 1st period - Deflect By Brad Hunt.
8:53 of 1st period - Stopped by Devan Dubnyk with a rebound.
8:55 of 1st period - Slapshot by Adam McQuaid.
8:55 of 1st period - Deflect By Tyler Seguin.
8:55 of 1st period - Shot Blocked by Brad Hunt.
8:55 of 1st period - Puck is out of play.
8:56 of 1st period - Nick Bjugstad wins face-off versus Andrew Miller in Devils zone.
9:47 of 1st period - Minor Penalty to David Clarkson for Hooking.
9:48 of 1st period - Mika Zibanejad wins face-off versus Drew Stafford in Kings zone.
9:48 of 1st period - Mika Zibanejad is hit by Paul Stastny.
10:12 of 1st period - Wrist shot by Tyler Johnson.
10:12 of 1st period - Shot Blocked by Seth Jones.
10:14 of 1st period - Snap shot by Drew Stafford.
10:14 of 1st period - Shot Misses the Net.
10:35 of 1st period - Shawn Horcoff is hit by Zach Boychuk and loses puck.
11:46 of 1st period - Snap shot by Ales Hemsky.
11:46 of 1st period - Shot Blocked by Milan Lucic.
11:47 of 1st period - Penalty to David Clarkson is over, David Clarkson is back on ice.
11:48 of 1st period - Slapshot by Ales Hemsky.
11:48 of 1st period - Deflect By Scottie Upshall.
11:48 of 1st period - Shot Misses the Net.
11:48 of 1st period - Puck is out of play.
11:49 of 1st period - Evgeny Kuznetsov wins face-off versus Zach Boychuk in Kings zone.
12:12 of 1st period - Snap shot by Tyler Seguin.
12:12 of 1st period - Shot Blocked by Tyler Johnson.
12:14 of 1st period - Slapshot by Andrew Campbell.
12:14 of 1st period - Shot Blocked by Matt Irwin.
12:18 of 1st period - Slapshot by Tyler Seguin.
12:18 of 1st period - Shot Misses the Net.
12:20 of 1st period - Slapshot by Eric Brewer.
12:20 of 1st period - Stopped by Devan Dubnyk without a rebound.
12:21 of 1st period - Nick Bjugstad wins face-off versus Andrew Miller in Devils zone.
13:06 of 1st period - Matt Greene is hit by Carl Soderberg.
13:20 of 1st period - Ales Hemsky is hit by Tyler Seguin and loses puck.
13:36 of 1st period - Minor Penalty to Jori Lehtera for Roughing.
13:37 of 1st period - Mika Zibanejad wins face-off versus Jason Akeson in Kings zone.
14:47 of 1st period - Snap shot by Paul Stastny.
14:47 of 1st period - Stopped by Sergei Bobrovsky without a rebound.
14:48 of 1st period - Nick Bjugstad wins face-off versus Paul Stastny in Kings zone.
15:21 of 1st period - Slapshot by Nick Bjugstad.
15:21 of 1st period - Shot Misses the Net.
15:27 of 1st period - Wrist shot by Nick Bjugstad.
15:27 of 1st period - Shot Blocked by Brad Hunt.
15:29 of 1st period - Slapshot by Shawn Horcoff.
15:29 of 1st period - Shot Misses the Net.
15:35 of 1st period - Minor Penalty to Scottie Upshall for Roughing.
15:36 of 1st period - Penalty to Jori Lehtera is over, Jori Lehtera is back on ice.
15:36 of 1st period - Tyler Seguin wins face-off versus Chris Porter in Devils zone.
15:37 of 1st period - Slapshot by Duncan Keith.
15:37 of 1st period - Stopped by Devan Dubnyk with a rebound.
15:39 of 1st period - Slapshot by Tyler Seguin.
15:39 of 1st period - Deflect By Milan Lucic.
15:39 of 1st period - Shot Misses the Net.
15:39 of 1st period - Puck is out of play.
15:40 of 1st period - Tyler Seguin wins face-off versus Chris Porter in Devils zone.
15:58 of 1st period - Snap shot by Matt Cullen.
15:58 of 1st period - Shot Misses the Net.
16:47 of 1st period - Radko Gudas is hit by Seth Jones and loses puck.
17:31 of 1st period - Matt Greene is hit by Nick Bjugstad and loses puck.
17:35 of 1st period - Penalty to Scottie Upshall is over, Scottie Upshall is back on ice.
17:42 of 1st period - Scottie Upshall is hit by Nick Bjugstad and loses puck.
18:30 of 1st period - Slapshot by Brad Hunt.
18:30 of 1st period - Stopped by Sergei Bobrovsky without a rebound.
18:31 of 1st period - Andrew Miller wins face-off versus Jori Lehtera in Kings zone.
18:48 of 1st period - Snap shot by Jori Lehtera.
18:48 of 1st period - Shot Blocked by Brad Hunt.
18:58 of 1st period - Zach Boychuk is hit by Jori Lehtera and loses puck.
19:00 of 1st period - Scooter Vaughan beats up Adam McQuaid.
19:00 of 1st period - Penalty to Adam McQuaid for Fighting.
19:00 of 1st period - Penalty to Scooter Vaughan for Fighting.
19:00 of 1st period - Penalty to Adam McQuaid for instigated a fight.
19:00 of 1st period - Penalty to Adam McQuaid for instigated a fight.
19:01 of 1st period - Mika Zibanejad wins face-off versus Paul Stastny in Devils zone.
Goals for this period are 1 for Devils vs 0 for Kings.
Shots for this period are 9 for Devils vs 4 for Kings.

2nd period


0:01 of 2nd period - Mika Zibanejad wins face-off versus Drew Stafford in neutral zone.
0:06 of 2nd period - Snap shot by Milan Lucic.
0:06 of 2nd period - Stopped by Devan Dubnyk without a rebound.
0:07 of 2nd period - Paul Stastny wins face-off versus Mika Zibanejad in Devils zone.
0:14 of 2nd period - Eric Brewer is hit by Drew Stafford.
0:20 of 2nd period - Snap shot by Mika Zibanejad.
0:20 of 2nd period - Stopped by Devan Dubnyk with a rebound.
0:38 of 2nd period - Snap shot by Mika Zibanejad.
0:38 of 2nd period - Shot Misses the Net.
0:40 of 2nd period - Snap shot by Mika Zibanejad.
0:40 of 2nd period - Shot Misses the Net.
0:42 of 2nd period - Slapshot by Duncan Keith.
0:42 of 2nd period - Shot Blocked by Tyler Johnson.
0:44 of 2nd period - Snap shot by Milan Lucic.
0:44 of 2nd period - Goal by Milan Lucic - Devils : 1 - Kings : 1.
0:45 of 2nd period - Mika Zibanejad wins face-off versus Matt Cullen in neutral zone.
1:00 of 2nd period - Penalty to Adam McQuaid is over, Brenden Morrow is send on ice.
1:06 of 2nd period - Wrist shot by Martin Erat.
1:06 of 2nd period - Shot Blocked by Brad Hunt.
1:08 of 2nd period - Slapshot by Duncan Keith.
1:08 of 2nd period - Stopped by Devan Dubnyk with a rebound.
1:16 of 2nd period - Slapshot by Duncan Keith.
1:16 of 2nd period - Shot Blocked by Matt Cullen.
1:36 of 2nd period - Snap shot by Nick Bjugstad.
1:36 of 2nd period - Stopped by Devan Dubnyk without a rebound.
1:37 of 2nd period - Paul Stastny wins face-off versus Carl Soderberg in Devils zone.
2:41 of 2nd period - Slapshot by Duncan Keith.
2:41 of 2nd period - Shot Misses the Net.
2:43 of 2nd period - Wrist shot by Eric Brewer.
2:43 of 2nd period - Stopped by Devan Dubnyk with a rebound.
2:45 of 2nd period - Snap shot by Eric Brewer.
2:45 of 2nd period - Shot Misses the Net.
2:47 of 2nd period - Slapshot by Eric Brewer.
2:47 of 2nd period - Stopped by Devan Dubnyk with a rebound.
3:11 of 2nd period - Chris Porter is hit by Eric Brewer and loses puck.
3:32 of 2nd period - Wrist shot by Nick Bjugstad.
3:32 of 2nd period - Stopped by Devan Dubnyk with a rebound.
3:48 of 2nd period - Seth Jones is hit by Tyler Johnson and loses puck.
4:24 of 2nd period - Andrew Campbell is hit by Matt Greene and loses puck.
4:39 of 2nd period - Eric Brewer is hit by Chris Wideman and loses puck.
5:14 of 2nd period - Snap shot by Nick Bjugstad.
5:14 of 2nd period - Stopped by Devan Dubnyk with a rebound.
5:33 of 2nd period - Snap shot by Ales Hemsky.
5:33 of 2nd period - Stopped by Sergei Bobrovsky with a rebound.
5:35 of 2nd period - Snap shot by Matt Irwin.
5:35 of 2nd period - Stopped by Sergei Bobrovsky without a rebound.
5:36 of 2nd period - Tyler Seguin wins face-off versus Matt Cullen in Kings zone.
6:20 of 2nd period - Drew Stafford is hit by Seth Jones and loses puck.
6:37 of 2nd period - Snap shot by Zach Boychuk.
6:37 of 2nd period - Stopped by Sergei Bobrovsky without a rebound.
6:38 of 2nd period - Andrew Miller wins face-off versus Nick Bjugstad in Kings zone.
6:43 of 2nd period - Slapshot by Andrew Miller.
6:43 of 2nd period - Shot Hit the Post.
7:17 of 2nd period - Wrist shot by Drew Stafford.
7:17 of 2nd period - Shot Misses the Net.
7:19 of 2nd period - Snap shot by Drew Stafford.
7:19 of 2nd period - Stopped by Sergei Bobrovsky with a rebound.
8:24 of 2nd period - Wrist shot by Andrew Miller.
8:24 of 2nd period - Shot Blocked by Cam Fowler.
8:26 of 2nd period - Wrist shot by Andrew Miller.
8:26 of 2nd period - Shot Misses the Net.
8:33 of 2nd period - Slapshot by Zach Boychuk.
8:33 of 2nd period - Shot Misses the Net.
8:59 of 2nd period - Carl Soderberg is hit by Matt Greene and loses puck.
9:37 of 2nd period - Milan Lucic is hit by Drew Stafford and loses puck.
10:06 of 2nd period - Brenden Morrow is hit by Andrew Miller.
10:36 of 2nd period - Wrist shot by Drew Stafford.
10:36 of 2nd period - Stopped by Sergei Bobrovsky without a rebound.
10:37 of 2nd period - Evgeny Kuznetsov wins face-off versus Matt Cullen in Kings zone.
12:20 of 2nd period - Wrist shot by Tyler Seguin.
12:20 of 2nd period - Stopped by Devan Dubnyk without a rebound.
12:21 of 2nd period - Evgeny Kuznetsov wins face-off versus Andrew Miller in Devils zone.
12:43 of 2nd period - Backhand shot by Mika Zibanejad.
12:43 of 2nd period - Stopped by Devan Dubnyk without a rebound.
12:44 of 2nd period - Brendan Shinnimin wins face-off versus Tyler Seguin in Devils zone.
12:44 of 2nd period - Brendan Shinnimin is hit by Mika Zibanejad.
12:58 of 2nd period - Snap shot by Chris Porter.
12:58 of 2nd period - Stopped by Sergei Bobrovsky without a rebound.
12:59 of 2nd period - Jori Lehtera wins face-off versus Brendan Shinnimin in Kings zone.
13:11 of 2nd period - Icing by Brendan Shinnimin.
13:12 of 2nd period - Brendan Shinnimin wins face-off versus Jori Lehtera in Devils zone.
13:30 of 2nd period - Snap shot by Ales Hemsky.
13:30 of 2nd period - Stopped by Sergei Bobrovsky without a rebound.
13:31 of 2nd period - Nick Bjugstad wins face-off versus Matt Cullen in Kings zone.
14:00 of 2nd period - 10 Minutes Misconduct Penalty to Adam McQuaid is over.
14:51 of 2nd period - Mika Zibanejad is hit by Radko Gudas and loses puck.
14:58 of 2nd period - Snap shot by Drew Stafford.
14:58 of 2nd period - Deflect By Tyler Seguin.
14:58 of 2nd period - Stopped by Sergei Bobrovsky with a rebound.
15:08 of 2nd period - Wrist shot by Drew Stafford.
15:08 of 2nd period - Shot Misses the Net.
15:47 of 2nd period - Matt Cullen is hit by Milan Lucic.
16:00 of 2nd period - Off-side.
16:01 of 2nd period - Evgeny Kuznetsov wins face-off versus Andrew Miller in neutral zone.
16:06 of 2nd period - Snap shot by David Clarkson.
16:06 of 2nd period - Shot Blocked by Matt Greene.
16:30 of 2nd period - Jason Akeson is hit by David Clarkson and loses puck.
17:35 of 2nd period - Paul Stastny is hit by Nick Bjugstad and loses puck.
17:42 of 2nd period - Wrist shot by Martin Erat.
17:42 of 2nd period - Stopped by Devan Dubnyk without a rebound.
17:43 of 2nd period - Nick Bjugstad wins face-off versus Paul Stastny in Devils zone.
19:28 of 2nd period - Slapshot by Ales Hemsky.
19:28 of 2nd period - Stopped by Sergei Bobrovsky with a rebound.
19:42 of 2nd period - Brad Hunt is hit by Brenden Morrow and loses puck.
Goals for this period are 0 for Devils vs 1 for Kings.
Shots for this period are 9 for Devils vs 12 for Kings.

3rd period


0:01 of 3rd period - Mika Zibanejad wins face-off versus Paul Stastny in neutral zone.
0:08 of 3rd period - Wrist shot by Mika Zibanejad.
0:08 of 3rd period - Shot Misses the Net.
0:10 of 3rd period - Slapshot by Eric Brewer.
0:10 of 3rd period - Stopped by Devan Dubnyk without a rebound.
0:11 of 3rd period - Paul Stastny wins face-off versus Tyler Seguin in Devils zone.
0:18 of 3rd period - Wrist shot by Tyler Seguin.
0:18 of 3rd period - Deflect By Carl Soderberg.
0:18 of 3rd period - Shot Blocked by Matt Greene.
0:18 of 3rd period - Puck is out of play.
0:19 of 3rd period - Tyler Seguin wins face-off versus Paul Stastny in Devils zone.
0:35 of 3rd period - Minor Penalty to Tyler Johnson for Tripping.
0:36 of 3rd period - Matt Cullen wins face-off versus Tyler Seguin in Devils zone.
1:52 of 3rd period - Matt Cullen is hit by Nick Bjugstad and loses puck.
2:35 of 3rd period - Penalty to Tyler Johnson is over, Tyler Johnson is back on ice.
2:55 of 3rd period - Eric Brewer is hit by Matt Greene and loses puck.
3:10 of 3rd period - Duncan Keith is hit by Chris Porter and loses puck.
3:30 of 3rd period - Wrist shot by Andrew Miller.
3:30 of 3rd period - Shot Misses the Net.
3:34 of 3rd period - Snap shot by Andrew Miller.
3:34 of 3rd period - Shot Blocked by Seth Jones.
3:36 of 3rd period - Slapshot by Zach Boychuk.
3:36 of 3rd period - Shot Blocked by Cam Fowler.
3:38 of 3rd period - Wrist shot by Zach Boychuk.
3:38 of 3rd period - Deflect By Andrew Miller.
3:38 of 3rd period - Stopped by Sergei Bobrovsky with a rebound.
3:40 of 3rd period - Snap shot by Andrew Miller.
3:40 of 3rd period - Shot Hit the Post.
3:42 of 3rd period - Wrist shot by Jason Akeson.
3:42 of 3rd period - Shot Blocked by Evgeny Kuznetsov.
3:42 of 3rd period - Evgeny Kuznetsov from Kings is injured at 3:42 of 3rd period (Herniated Disc).
3:43 of 3rd period - Paul Stastny wins face-off versus Tyler Seguin in Kings zone.
3:46 of 3rd period - Snap shot by Paul Stastny.
3:46 of 3rd period - Stopped by Sergei Bobrovsky without a rebound.
3:47 of 3rd period - Paul Stastny wins face-off versus Tyler Seguin in Kings zone.
3:48 of 3rd period - Snap shot by Drew Stafford.
3:48 of 3rd period - Stopped by Sergei Bobrovsky without a rebound.
3:49 of 3rd period - Paul Stastny wins face-off versus Tyler Seguin in Kings zone.
4:10 of 3rd period - Slapshot by Duncan Keith.
4:10 of 3rd period - Stopped by Devan Dubnyk without a rebound.
4:11 of 3rd period - Nick Bjugstad wins face-off versus Matt Cullen in Devils zone.
4:48 of 3rd period - Wrist shot by Nick Bjugstad.
4:48 of 3rd period - Shot Misses the Net.
5:10 of 3rd period - Slapshot by Drew Stafford.
5:10 of 3rd period - Stopped by Sergei Bobrovsky without a rebound.
5:11 of 3rd period - Paul Stastny wins face-off versus Tyler Seguin in Kings zone.
6:11 of 3rd period - Wrist shot by Andrew Miller.
6:11 of 3rd period - Shot Misses the Net.
6:13 of 3rd period - Slapshot by Matt Irwin.
6:13 of 3rd period - Stopped by Sergei Bobrovsky without a rebound.
6:14 of 3rd period - Matt Cullen wins face-off versus Nick Bjugstad in Kings zone.
6:17 of 3rd period - Wrist shot by Ales Hemsky.
6:17 of 3rd period - Deflect By Matt Cullen.
6:17 of 3rd period - Shot Blocked by Duncan Keith.
6:17 of 3rd period - Puck is out of play.
6:18 of 3rd period - Nick Bjugstad wins face-off versus Matt Cullen in Kings zone.
7:32 of 3rd period - Off-side.
7:33 of 3rd period - Paul Stastny wins face-off versus Tyler Seguin in neutral zone.
7:36 of 3rd period - Andrew Campbell is hit by Matt Greene and loses puck.
8:27 of 3rd period - Wrist shot by Nick Bjugstad.
8:27 of 3rd period - Stopped by Devan Dubnyk with a rebound.
8:29 of 3rd period - Wrist shot by Shawn Horcoff.
8:29 of 3rd period - Deflect By Martin Erat.
8:29 of 3rd period - Stopped by Devan Dubnyk without a rebound.
8:30 of 3rd period - Nick Bjugstad wins face-off versus Andrew Miller in Devils zone.
8:40 of 3rd period - Minor Penalty to Eric Brewer for Tripping.
8:41 of 3rd period - Paul Stastny wins face-off versus Mika Zibanejad in Kings zone.
9:06 of 3rd period - Wrist shot by Paul Stastny.
9:06 of 3rd period - Shot Misses the Net.
9:26 of 3rd period - Slapshot by Ales Hemsky.
9:26 of 3rd period - Shot Blocked by Cam Fowler.
9:28 of 3rd period - Slapshot by Ales Hemsky.
9:28 of 3rd period - Shot Blocked by Cam Fowler.
9:30 of 3rd period - Snap shot by Scottie Upshall.
9:30 of 3rd period - Stopped by Sergei Bobrovsky with a rebound.
9:36 of 3rd period - Snap shot by Matt Cullen.
9:36 of 3rd period - Shot Misses the Net.
9:38 of 3rd period - Slapshot by Scooter Vaughan.
9:38 of 3rd period - Stopped by Sergei Bobrovsky without a rebound.
9:39 of 3rd period - Mika Zibanejad wins face-off versus Matt Cullen in Kings zone.
9:50 of 3rd period - Slapshot by Matt Cullen.
9:50 of 3rd period - Shot Misses the Net.
9:52 of 3rd period - Snap shot by Matt Cullen.
9:52 of 3rd period - Shot Misses the Net.
10:40 of 3rd period - Penalty to Eric Brewer is over, Eric Brewer is back on ice.
10:41 of 3rd period - Mika Zibanejad is hit by Scottie Upshall and loses puck.
10:58 of 3rd period - Mika Zibanejad is hit by Radko Gudas and loses puck.
13:06 of 3rd period - Icing by Brad Hunt.
13:07 of 3rd period - Shawn Horcoff wins face-off versus Andrew Miller in Devils zone.
13:20 of 3rd period - Snap shot by Nick Bjugstad.
13:20 of 3rd period - Stopped by Devan Dubnyk with a rebound.
13:22 of 3rd period - Slapshot by Andrew Campbell.
13:22 of 3rd period - Shot Misses the Net.
13:24 of 3rd period - Wrist shot by Andrew Campbell.
13:24 of 3rd period - Shot Blocked by Brad Hunt.
14:27 of 3rd period - Minor Penalty to Radko Gudas for Hooking.
14:28 of 3rd period - Matt Cullen wins face-off versus Carl Soderberg in Devils zone.
15:12 of 3rd period - Duncan Keith is hit by Scottie Upshall and loses puck.
16:02 of 3rd period - Carl Soderberg is hit by Matt Cullen and loses puck.
16:27 of 3rd period - Penalty to Radko Gudas is over, Radko Gudas is back on ice.
16:42 of 3rd period - Brenden Morrow is hit by Radko Gudas and loses puck.
16:56 of 3rd period - Icing by Matt Irwin.
16:57 of 3rd period - Brendan Shinnimin wins face-off versus Martin Erat in Devils zone.
17:13 of 3rd period - Minor Penalty to Chris Wideman for Hooking.
17:14 of 3rd period - Matt Cullen wins face-off versus Nick Bjugstad in Devils zone.
17:51 of 3rd period - Cam Fowler is hit by Brad Hunt and loses puck.
17:58 of 3rd period - Snap shot by Ales Hemsky.
17:58 of 3rd period - Stopped by Sergei Bobrovsky with a rebound.
18:32 of 3rd period - Slapshot by Duncan Keith.
18:32 of 3rd period - Goal by Duncan Keith - Devils : 1 - Kings : 2.
18:33 of 3rd period - Drew Stafford wins face-off versus Jori Lehtera in neutral zone.
19:40 of 3rd period - Off-side.
19:41 of 3rd period - Jack Capuano call a timeout for Devils.
19:41 of 3rd period - Tyler Seguin wins face-off versus Drew Stafford in neutral zone.
19:44 of 3rd period - Snap shot by Mika Zibanejad.
19:44 of 3rd period - Shot Misses the Net.
19:50 of 3rd period - Devils, Devan Dubnyk is pulled from the net.
Goals for this period are 0 for Devils vs 1 for Kings.
Shots for this period are 8 for Devils vs 6 for Kings.